 Dungeon Crawl Stone Soup version 0.28.0-53-g5a82cb258f (webtiles) character file.

Game seed: 17567531900805394011

163 pkoi the Stinger (level 5, -1/38 HPs)
             Began as a Demigod Venom Mage on May 23, 2022.
             Slain by an adder (5 damage)
             ... on level 3 of the Dungeon.
             The game lasted 00:05:27 (5880 turns).

pkoi the Stinger (Demigod Venom Mage)               Turns: 5880, Time: 00:05:28

Health: -1/38      AC:  2    Str:  9    XL:     5   Next: 0%
Magic:  9/11       EV: 12    Int: 21    God:
Gold:   113        SH:  0    Dex: 18    Spells: 3/9 levels left

rFire   . . .      SeeInvis .   w - +1 mace of Poiqees {speed, Dex+4}
rCold   . . .      Faith    .   (no shield)
rNeg    . . .      Spirit   .   a - +0 robe
rPois   .          Reflect  .   (no helmet)
rElec   .          Harm     .   (no cloak)
rCorr   .          Rampage  .   (no gloves)
Will    .....                   (no boots)
Stlth   ++........              (no amulet)
HPRegen 0.12/turn               (no ring)
MPRegen 0.12/turn               (no ring)

@: no status effects
A: high MP 1, forlorn, divine attributes
a: no special abilities


You were on level 3 of the Dungeon.
You visited 1 branch of the dungeon, and saw 4 of its levels.

You collected 113 gold pieces.

Inventory:

Hand Weapons
 b - a +0 club
 c - a +0 dagger
 h - a +0 hand axe
 j - a +0 hand axe
 m - a +0 whip
 w - the +1 mace of Poiqees (weapon) {speed, Dex+4}
   (You found it on level 4 of the Dungeon)

   Attacks with this weapon are significantly faster.
   Dex:       It affects your dexterity (+4).
Missiles
 u - 8 poisoned darts
Armour
 a - a +0 robe (worn)
Jewellery
 r - a ring of positive energy
Wands
 t - a wand of iceblast (9)
Scrolls
 d - 4 scrolls of enchant armour {unknown}
 e - 3 scrolls of identify {unknown}
 f - a scroll of silence {unknown}
 g - 2 scrolls of noise {unknown}
 p - 3 scrolls of immolation {unknown}
 q - a scroll of fear {unknown}
Potions
 i - a potion of cancellation {unknown}
 k - a potion of flight {unknown}
 l - a potion of curing {unknown}
 n - 2 potions of might
 o - a potion of degeneration {unknown}
 s - a potion of resistance {unknown}
 v - a potion of ambrosia {unknown}


   Skills:
 - Level 1.7 Dodging
 - Level 1.7 Stealth
 + Level 2.5 Spellcasting
 + Level 1.0 Conjurations
 + Level 2.1 Transmutations
 + Level 1.1 Air Magic
 * Level 4.0 Poison Magic


You had 3 spell levels left.
You knew the following spells:

 Your Spells              Type           Power      Damage    Failure   Level
a - Sting                 Tmut/Pois      60%        1d6       4%          1
b - Poisonous Vapours     Pois/Air       26%        N/A       8%          2
c - Mephitic Cloud        Conj/Pois/Air  11%        N/A       19%         3

Your spell library contained the following spells:

 Spells                   Type           Power      Damage    Failure   Level
 Apportation              Tloc           4%         N/A       14%         1
 Olgreb's Toxic Radiance  Pois           19%        N/A       26%         4
 Alistair's Intoxication  Tmut/Pois      10%        N/A       73%         5


Dungeon Overview and Level Annotations

Branches:
Dungeon (4/15)
 Temple: D:4-7

Shops:
D:2 :

Annotations:
D:4 Crazy Yiuf


Innate Abilities, Weirdness & Mutations

You have an increased reservoir of magic. (+10% MP)
You shall have no god before yourself.
Your divine heritage dramatically boosts your attributes as you level up.


Message History

Crazy Yiuf draws strength from your wounds!
You see here a +0 mace.
You see here a +0 mace.
Crazy Yiuf whimpers, "Aardvark!"
Crazy Yiuf looks more healthy.
You see here 29 bolts.
Crazy Yiuf yells, "Liver unthinkable sallow!"
Crazy Yiuf barely misses you.
Aiming: Sting (safe; 4% risk of failure)
Press: ? - help, Q - select action, (/) - cycle Shift-Dir - straight line, f/p - Crazy Yiuf
Aim: Crazy Yiuf, wielding a +3 quarterstaff of chaos and wearing a +0 cloak (heavily wounded, strong, 77% to hit)
The sting hits Crazy Yiuf.
Crazy Yiuf is poisoned.
Crazy Yiuf is severely wounded.
Crazy Yiuf hits you with a +3 quarterstaff of chaos!
* * * LOW HITPOINT WARNING * * *
You are electrocuted!
* * * LOW HITPOINT WARNING * * *
Crazy Yiuf says, "Papa!
Powder horse unthinkable."
A goblin comes into view. It is wielding a +0 club.
The goblin shouts!
Found a stone staircase leading up.
Crazy Yiuf looks more healthy.
An adder comes into view.
The adder hisses angrily.
Found a scroll labelled UMABBY NODI.
There is a stone staircase leading up here.
The adder barely misses you.
You climb upwards.
There is a stone staircase leading down here.
Aiming: Sting (safe; 4% risk of failure)
Press: ? - help, Q - select action, (/) - cycle Shift-Dir - straight line, f - adder
Aim: an adder (57% to hit)
The sting hits the adder.
The adder is poisoned.
The adder is severely wounded.
The adder closely misses you. x2
Aiming: Sting (safe; 4% risk of failure)
Press: ? - help, Q - select action, (/) - cycle Shift-Dir - straight line, f/p - adder
Aim: an adder (severely wounded, poisoned, 57% to hit)
The sting misses the adder.
The adder bites you.
You die...

###.########.#.########...
#............#.........#.#
###...............###.....
#.######..........'.....
#.# #.######.###..... #.#
#.# #.# ###... #.#
#.######'########
#.######.##........#
#......@S##........#
###########........#
#........#####
#####......... ##########


You could see an adder (poisoned).

Vanquished Creatures
  A scorpion (D:4)
  A gnoll (D:1)
  3 adders
  A worm (D:1)
  2 dart slugs
  2 orcs (D:3)
  8 endoplasms
  4 giant cockroaches
  2 goblins (D:1)
  6 hobgoblins
  A jackal (D:3)
  7 kobolds
  2 quokkas
  8 ball pythons
  4 bats
  2 frilled lizards
  3 rats
57 creatures vanquished.

Notes
Turn   | Place    | Note
-------+----------+-------------------------------------------
     0 | D:1      | pkoi the Demigod Venom Mage began the quest for the Orb.
     0 | D:1      | Reached XP level 1. HP: 14/14 MP: 5/5
    41 | D:1      | Reached skill level 1 in Transmutations
   105 | D:1      | Reached skill level 3 in Poison Magic
   518 | D:1      | Reached XP level 2. HP: 20/20 MP: 0/7
  1451 | D:1      | Reached XP level 3. HP: 26/26 MP: 6/8
  1589 | D:1      | Learned a level 2 spell: Poisonous Vapours
  1593 | D:1      | Learned a level 3 spell: Mephitic Cloud
  1768 | D:1      | You fall into a shaft and drop 1 floor!
  1786 | D:2      | Found Ythrudod's Book Shop.
  3897 | D:3      | Reached XP level 4. HP: 33/33 MP: 5/10
  4736 | D:3      | Noticed a shadow
  5410 | D:4      | Reached skill level 1 in Conjurations
  5410 | D:4      | Reached skill level 1 in Air Magic
  5410 | D:4      | Reached skill level 4 in Poison Magic
  5410 | D:4      | Reached XP level 5. HP: 21/38 MP: 7/11
  5826 | D:4      | Identified the +1 mace of Poiqees {speed, Dex+4}
  5827 | D:4      | Found a runed translucent door.
  5828 | D:4      | Noticed Crazy Yiuf
  5880 | D:3      | Slain by an adder

Illustrated notes

Levels and vault maps discovered:
D:1:      roderic_crossed_star, layout_basic,
          hellmonk_ecumenical_altar_heavens_door, dk_noncrumbling_3
D:2:      layout_basic, serial_shops, nicolae_shop_behind_doors, basic_altar
D:3:      layout_basic, riverfiend_overflow_shadow_ancestor,
          lemuel_doored_altar, st_stairs_9
D:4:      layout_basic, nicolae_overflow_crystal_walls, uniq_crazy_yiuf_cottage

Skill      XL: |  1  2  3  4 |
---------------+-------------+-----
Transmutations | 1 2 |  2.1
Poison Magic   | 3 4 |  4.0
Spellcasting   | 2 |  2.5
Conjurations   | 1 |  1.0
Air Magic      | 1 |  1.1
Dodging        | |  1.7
Stealth        | |  1.7

Action                   |  1- 3 |  4- 6 || total
-------------------------+-------+-------++-------
Melee: Dagger            |    13 |     4 ||    17
       Unarmed           |     2 |       ||     2
       Club              |     1 |       ||     1
 Cast: Sting             |    97 |    32 ||   129
Armor: Robe              |    13 |     1 ||    14
Dodge: Dodged            |    51 |    23 ||    74
